ESL (28 & UNDER)
PENQUANNOCK OVERRATED JETER @ INTERCOURSE AMISH
07/19/2029
 
TOP OF THE 1ST
Penquannock Overrated Jeter batting - Pitching for Intercourse Amish : RHP Jeremiah Moran
Pitching: RHP Jeremiah Moran
Batting: RHB Gary Wyatt 0-0: Ball
1-0: Called Strike
1-1: Foul Ball, location: 2F
1-2: Ground out 6-3 (Groundball, 6)
Batting: LHB Pepe González 0-0: Called Strike
0-1: Ground out 3-1 (Groundball, 34)
Batting: LHB Eric Powell 0-0: Ball
1-0: Called Strike
1-1: Foul Ball, location: 2F
1-2: Ball
2-2: Strikes out swinging
Top of the 1st over - 0 runs, 0 hits, 0 errors, 0 left on base; Penquannock 0 - Intercourse 0
BOTTOM OF THE 1ST
Intercourse Amish batting - Pitching for Penquannock Overrated Jeter : LHP Héctor Díaz
Pitching: LHP Héctor Díaz
Batting: LHB Dave Reynolds 0-0: Foul Ball, location: 2F
0-1: Ball
1-1: Ball
2-1: Fly out, F7 (Flyball, 7)
Batting: LHB Bruce Foster 0-0: Ball
1-0: SINGLE (Groundball, 56D)
Batting: LHB Caleb Hall 0-0: Ball
1-0: Ball
2-0: Ball
3-0: Called Strike
3-1: Swinging Strike
3-2: Foul Ball, location: 2F
3-2: Foul Ball, location: 2F
3-2: Reached on error, E8 (Flyball, 8RXD)
Bruce Foster to third
Batting: RHB Mitsuoki Taguchi 0-0: Swinging Strike
0-1: Ball
1-1: Foul Ball, location: 2F
1-2: Ball
2-2: Foul Ball, location: 2F
2-2: Foul Ball, location: 2F
2-2: Strikes out swinging
Batting: RHB Pablo Díaz 0-0: Ball
1-0: Ball
2-0: Ball
3-0: Base on Balls
Batting: RHB Brian Stewart 0-0: Called Strike
0-1: Foul Ball, location: 2F
0-2: Ball
1-2: Strikes out swinging
Bottom of the 1st over - 0 runs, 1 hit, 1 error, 3 left on base; Penquannock 0 - Intercourse 0
TOP OF THE 2ND
Penquannock Overrated Jeter batting - Pitching for Intercourse Amish : RHP Jeremiah Moran
Batting: SHB Cristián López 0-0: Ball
1-0: Called Strike
1-1: Swinging Strike
1-2: Ball
2-2: Strikes out swinging
Batting: SHB Tim Reid 0-0: Called Strike
0-1: Ball
1-1: Ball
2-1: Ball
3-1: Fly out, F8 (Line Drive, 8LD)
Batting: LHB Roberto Trujillo 0-0: Ball
1-0: Called Strike
1-1: Called Strike
1-2: Fly out, F7 (Flyball, 78S)
Top of the 2nd over - 0 runs, 0 hits, 0 errors, 0 left on base; Penquannock 0 - Intercourse 0
BOTTOM OF THE 2ND
Intercourse Amish batting - Pitching for Penquannock Overrated Jeter : LHP Héctor Díaz
Batting: RHB Frank Maxwell 0-0: Called Strike
0-1: Ground out 3-1 (Groundball, 34S)
Batting: RHB Roberto Solís 0-0: Foul Ball, location: 2F
0-1: Ball
1-1: Called Strike
1-2: Ball
2-2: Foul Ball, location: 2F
2-2: Foul Ball, location: 2F
2-2: Foul Ball, location: 2F
2-2: Ground out U3 (Groundball, 3)
Batting: SHB Conan Hanson 0-0: Ball
1-0: Ball
2-0: Foul Ball, location: 2F
2-1: Ball
3-1: Foul Ball, location: 2F
3-2: Strikes out swinging
Bottom of the 2nd over - 0 runs, 0 hits, 0 errors, 0 left on base; Penquannock 0 - Intercourse 0
TOP OF THE 3RD
Penquannock Overrated Jeter batting - Pitching for Intercourse Amish : RHP Jeremiah Moran
Batting: RHB Bernardo Enríquez 0-0: Called Strike
0-1: SOLO HOME RUN (Flyball, 7D), Distance : 402 ft
Batting: RHB Phil Wright 0-0: Ground out 4-3 (Groundball, 34)
Batting: SHB Francisco Ávila 0-0: Ball
1-0: Foul Ball, location: 2F
1-1: Foul Ball, location: 2F
1-2: Ball
2-2: Ball
3-2: Foul Ball, location: 2F
3-2: Foul Ball, location: 2F
3-2: Foul Ball, location: 2F
3-2: Foul Ball, location: 2F
3-2: Strikes out looking
Batting: RHB Gary Wyatt 0-0: Ground out 4-3 (Groundball, 34)
Top of the 3rd over - 1 run, 1 hit, 0 errors, 0 left on base; Penquannock 1 - Intercourse 0
BOTTOM OF THE 3RD
Intercourse Amish batting - Pitching for Penquannock Overrated Jeter : LHP Héctor Díaz
Batting: LHB Dave Reynolds 0-0: Ball
1-0: Swinging Strike
1-1: Called Strike
1-2: Ball
2-2: Strikes out swinging, 2-3 out at first.
Batting: LHB Bruce Foster 0-0: Called Strike
0-1: Ball
1-1: Foul Ball, location: 2F
1-2: Strikes out swinging
Batting: LHB Caleb Hall 0-0: Foul Ball, location: 2F
0-1: Ball
1-1: SINGLE (Groundball, 4MD)
Batting: RHB Mitsuoki Taguchi 0-0: Fielders Choice at 2nd, 5-4 (Groundball, 56)
Bottom of the 3rd over - 0 runs, 1 hit, 0 errors, 1 left on base; Penquannock 1 - Intercourse 0
TOP OF THE 4TH
Penquannock Overrated Jeter batting - Pitching for Intercourse Amish : RHP Jeremiah Moran
Batting: LHB Pepe González 0-0: Bunt for hit - play at first, batter OUT! 1-3
Batting: LHB Eric Powell 0-0: Called Strike
0-1: Foul Ball, location: 2F
0-2: Ground out 1-3 (Groundball, 15)
Batting: SHB Cristián López 0-0: Ball
1-0: Ball
2-0: Fly out, F3 (Line Drive, 4)
Top of the 4th over - 0 runs, 0 hits, 0 errors, 0 left on base; Penquannock 1 - Intercourse 0
BOTTOM OF THE 4TH
Intercourse Amish batting - Pitching for Penquannock Overrated Jeter : LHP Héctor Díaz
Batting: RHB Pablo Díaz 0-0: Ball
1-0: Fly out, F9 (Flyball, 9D)
Batting: RHB Brian Stewart 0-0: Ball
1-0: Ground out 5-3 (Groundball, 56)
Batting: RHB Frank Maxwell 0-0: Foul Ball, location: 2F
0-1: SOLO HOME RUN (Flyball, 7D), Distance : 376 ft
Batting: RHB Roberto Solís 0-0: SINGLE (Groundball, 34D)
Batting: SHB Conan Hanson 0-0: Ball
1-0: Foul Ball, location: 2F
1-1: Swinging Strike
1-2: SINGLE (Flyball, 78M)
Roberto Solís to second
Batting: LHB Dave Reynolds 0-0: Ball
1-0: Ball
2-0: Called Strike
2-1: Fielders Choice at 2nd, 6-4 (Groundball, 6)
Bottom of the 4th over - 1 run, 3 hits, 0 errors, 2 left on base; Penquannock 1 - Intercourse 1
TOP OF THE 5TH
Penquannock Overrated Jeter batting - Pitching for Intercourse Amish : RHP Jeremiah Moran
Batting: SHB Tim Reid 0-0: Called Strike
0-1: Called Strike
0-2: Ball
1-2: Strikes out swinging
Batting: LHB Roberto Trujillo 0-0: Foul Ball, location: 2F
0-1: Ball
1-1: Foul Ball, location: 2F
1-2: Ball
2-2: Foul Ball, location: 2F
2-2: Ground out 6-3 (Groundball, 6M)
Batting: RHB Bernardo Enríquez 0-0: Ball
1-0: Called Strike
1-1: Foul Ball, location: 2F
1-2: Ball
2-2: Ball
3-2: Strikes out swinging
Top of the 5th over - 0 runs, 0 hits, 0 errors, 0 left on base; Penquannock 1 - Intercourse 1
BOTTOM OF THE 5TH
Intercourse Amish batting - Pitching for Penquannock Overrated Jeter : LHP Héctor Díaz
Batting: LHB Bruce Foster 0-0: Called Strike
0-1: Called Strike
0-2: SINGLE (Line Drive, 9S)
Pitching: RHP Leonard Christensen
Batting: LHB Caleb Hall 0-0: Ball
1-0: Called Strike
1-1: Ball
2-1: Swinging Strike
2-2: Ground out 4-3 (Groundball, 34D)
Bruce Foster to second
Batting: RHB Mitsuoki Taguchi 0-0: Ball
Wild Pitch!
Bruce Foster to third
1-0: Foul Ball, location: 2F
1-1: Fly out, F5 (Line Drive, 5)
Batting: RHB Pablo Díaz 0-0: Ball
1-0: Ball
2-0: Ball
3-0: Called Strike
3-1: Called Strike
3-2: Foul Ball, location: 2F
3-2: SINGLE (Groundball, 56D)
Bruce Foster scores
Batting: RHB Brian Stewart 0-0: Swinging Strike
0-1: Called Strike
0-2: SINGLE (Line Drive, 4MD)
Pablo Díaz to second
Runner from 2nd tries for 3rd, SAFE, no throw
Batting: RHB Frank Maxwell 0-0: Ball
1-0: Foul Ball, location: 2F
1-1: Foul Ball, location: 2F
1-2: Hit by Pitch
Brian Stewart to second
Pinch Runner at 1st John Jones:
Batting: RHB Roberto Solís 0-0: Ball
1-0: Ball
2-0: Ball
3-0: Called Strike
3-1: Foul Ball, location: 2F
3-2: Foul Ball, location: 2F
3-2: Foul Ball, location: 2F
3-2: Hit by Pitch
Pablo Díaz scores
Brian Stewart to third
John Jones to second
Batting: SHB Conan Hanson 0-0: Called Strike
0-1: Ball
1-1: Swinging Strike
1-2: Ball
2-2: Strikes out looking
Bottom of the 5th over - 2 runs, 3 hits, 0 errors, 3 left on base; Penquannock 1 - Intercourse 3
TOP OF THE 6TH
Penquannock Overrated Jeter batting - Pitching for Intercourse Amish : RHP Jeremiah Moran
Now at 1B: John Jones
Batting: RHB Phil Wright 0-0: DOUBLE (Flyball, 8LXD)
Batting: SHB Francisco Ávila 0-0: Called Strike
0-1: Foul Ball, location: 2F
0-2: Foul Ball, location: 2F
0-2: Foul Ball, location: 2F
0-2: Ball
1-2: Strikes out looking
Batting: RHB Gary Wyatt 0-0: Called Strike
0-1: DOUBLE (Line Drive, 7LD)
Phil Wright scores
Batting: LHB Pepe González 0-0: Called Strike
0-1: SINGLE (Groundball, 34S) (infield hit)
Gary Wyatt to third
Batting: LHB Eric Powell 0-0: Foul Ball, location: 2F
0-1: Ball
1-1: Ball
2-1: Ball
3-1: Swinging Strike
3-2: Fly out, F9 (Flyball, 9)
Batting: SHB Cristián López 0-0: Called Strike
0-1: Ball
1-1: Ball
2-1: Ball
3-1: DOUBLE (Line Drive, 7LM)
Gary Wyatt scores
Pepe González to third
Batting: SHB Tim Reid 0-0: Foul Ball, location: 2F
0-1: Ball
1-1: Ball
2-1: Called Strike
2-2: Ball
3-2: Foul Ball, location: 2F
3-2: Foul Ball, location: 2F
3-2: Base on Balls
Batting: LHB Roberto Trujillo 0-0: Called Strike
0-1: Ball
1-1: Swinging Strike
1-2: Strikes out swinging
Top of the 6th over - 2 runs, 4 hits, 0 errors, 3 left on base; Penquannock 3 - Intercourse 3
BOTTOM OF THE 6TH
Intercourse Amish batting - Pitching for Penquannock Overrated Jeter : RHP Leonard Christensen
Batting: LHB Dave Reynolds 0-0: Foul Ball, location: 2F
0-1: Swinging Strike
0-2: Ball
1-2: Foul Ball, location: 2F
1-2: SOLO HOME RUN (Flyball, 78XD), Distance : 401 ft
Batting: LHB Bruce Foster 0-0: Ball
1-0: Foul Ball, location: 2F
1-1: Ball
2-1: Swinging Strike
2-2: Ball
3-2: Base on Balls
Batting: LHB Caleb Hall 0-0: Fly out, F7 (Flyball, 7LSF)
Batting: RHB Mitsuoki Taguchi 0-0: Called Strike
0-1: Foul Ball, location: 2F
0-2: Ball
1-2: Fly out, F9 (Line Drive, 9S)
Batting: RHB Pablo Díaz 0-0: Ball
1-0: Foul Ball, location: 2F
1-1: Foul Ball, location: 2F
1-2: Foul Ball, location: 2F
1-2: Foul Ball, location: 2F
1-2: Ball
2-2: Fly out, F9 (Flyball, 89D)
Bottom of the 6th over - 1 run, 1 hit, 0 errors, 1 left on base; Penquannock 3 - Intercourse 4
TOP OF THE 7TH
Penquannock Overrated Jeter batting - Pitching for Intercourse Amish : RHP Jeremiah Moran
Pitching: RHP Benjamin Hutchison
Batting: RHB Bernardo Enríquez 0-0: Ball
1-0: Swinging Strike
1-1: SINGLE (Line Drive, 89M)
Batting: RHB Phil Wright 0-0: Called Strike
0-1: Fly out, F9 (Flyball, 89M)
Batting: SHB Francisco Ávila 0-0: Ground out 6-3 (Groundball, 6MS)
Bernardo Enríquez to second
Batting: RHB Gary Wyatt 0-0: Ball
1-0: Swinging Strike
1-1: Ball
2-1: Foul Ball, location: 2F
2-2: Strikes out swinging
Top of the 7th over - 0 runs, 1 hit, 0 errors, 1 left on base; Penquannock 3 - Intercourse 4
BOTTOM OF THE 7TH
Intercourse Amish batting - Pitching for Penquannock Overrated Jeter : RHP Leonard Christensen
Batting: RHB Brian Stewart 0-0: Called Strike
0-1: Foul Ball, location: 2F
0-2: Ball
1-2: Ball
2-2: Strikes out swinging
Batting: RHB John Jones 0-0: Ball
1-0: Called Strike
1-1: Ball
2-1: Fly out, F8 (Flyball, 78M)
Batting: RHB Roberto Solís 0-0: Ground out 6-3 (Groundball, 6)
Bottom of the 7th over - 0 runs, 0 hits, 0 errors, 0 left on base; Penquannock 3 - Intercourse 4
TOP OF THE 8TH
Penquannock Overrated Jeter batting - Pitching for Intercourse Amish : RHP Benjamin Hutchison
Batting: LHB Pepe González 0-0: Ball
1-0: Foul Ball, location: 2F
1-1: Ball
2-1: Ball
3-1: Foul Ball, location: 2F
3-2: Base on Balls
Batting: LHB Eric Powell 0-0: Ball
1-0: Called Strike
1-1: Ball
2-1: Ball
3-1: Base on Balls
Pepe González to second
Batting: SHB Cristián López 0-0: Fly out, F6 (Popup, P)
Batting: SHB Tim Reid 0-0: Foul Ball, location: 2F
0-1: Called Strike
0-2: Ball
1-2: Ball
2-2: Foul Ball, location: 2F
2-2: Ball
3-2: Foul Ball, location: 2F
3-2: Foul Ball, location: 2F
3-2: Base on Balls
Pepe González to third
Eric Powell to second
Batting: LHB Roberto Trujillo 0-0: Ball
1-0: Foul Ball, location: 2F
1-1: Ball
2-1: Foul Ball, location: 2F
2-2: Foul Ball, location: 2F
2-2: Ball
3-2: Strikes out looking
Batting: RHB Bernardo Enríquez 0-0: Ball
1-0: Called Strike
1-1: SINGLE (Groundball, 3D)
Pepe González scores
Eric Powell to third
Tim Reid to second
Runner from 3rd tries for Home, SAFE, throw made home
Batting: RHB Phil Wright 0-0: Called Strike
0-1: Ball
1-1: Swinging Strike
1-2: Ball
2-2: Foul Ball, location: 2F
2-2: Ball
3-2: Foul Ball, location: 2F
3-2: Strikes out swinging
Top of the 8th over - 2 runs, 1 hit, 0 errors, 2 left on base; Penquannock 5 - Intercourse 4
BOTTOM OF THE 8TH
Intercourse Amish batting - Pitching for Penquannock Overrated Jeter : RHP Leonard Christensen
Batting: SHB Conan Hanson 0-0: SINGLE (Line Drive, 8RS)
Batting: LHB Dave Reynolds 0-0: Ball
1-0: Foul Ball, location: 2F
1-1: SINGLE (Line Drive, 8RS)
Conan Hanson to second
Batting: LHB Bruce Foster 0-0: Ball
1-0: Called Strike
1-1: Swinging Strike
1-2: Foul Ball, location: 2F
1-2: Ball
2-2: Fielders Choice at 2nd, 1-4 (Groundball, 15S)
Conan Hanson to third
Batting: LHB Caleb Hall 0-0: Called Strike
0-1: Ball
1-1: Ball
2-1: Called Strike
2-2: Strikes out looking
Batting: RHB Mitsuoki Taguchi 0-0: Ball
1-0: Ball
2-0: Called Strike
2-1: Fielders Choice at 2nd, 5-4 (Groundball, 56)
Bottom of the 8th over - 0 runs, 2 hits, 0 errors, 2 left on base; Penquannock 5 - Intercourse 4
TOP OF THE 9TH
Penquannock Overrated Jeter batting - Pitching for Intercourse Amish : RHP Benjamin Hutchison
Batting: SHB Francisco Ávila 0-0: Called Strike
0-1: SINGLE (Groundball, 34D)
Batting: RHB Gary Wyatt 0-0: Fly out, F8 (Flyball, 8LM)
Batting: LHB Pepe González 0-0: Ball
1-0: Ball
2-0: Swinging Strike
2-1: Called Strike
2-2: Strikes out swinging
Pitching: RHP António Castaneda
Batting: LHB Eric Powell 0-0: Ball
1-0: Swinging Strike
1-1: Fly out, F7 (Flyball, 7)
Top of the 9th over - 0 runs, 1 hit, 0 errors, 1 left on base; Penquannock 5 - Intercourse 4
BOTTOM OF THE 9TH
Intercourse Amish batting - Pitching for Penquannock Overrated Jeter : RHP Leonard Christensen
Batting: RHB Pablo Díaz 0-0: Ball
1-0: Fly out, F7 (Flyball, 7LSF)
Batting: RHB Brian Stewart 0-0: Foul Ball, location: 2F
0-1: Ball
1-1: SINGLE (Line Drive, 89S)
Pinch Runner at 1st Carlos De La Rosa:
Batting: RHB John Jones 0-0: TRIPLE (Line Drive, 9D)
Carlos De La Rosa scores
Batting: RHB Roberto Solís 0-0: Intentional Walk
Batting: SHB Conan Hanson 0-0: Ball
1-0: Ball
2-0: Called Strike
2-1: Fly out, F9 (Flyball, 9S)
Pitching: RHP Dave Funk
Batting: LHB Dave Reynolds 0-0: Ball
1-0: Ball
2-0: Called Strike
2-1: Ball
3-1: SINGLE (Groundball, 6MD)
John Jones scores
Saturday, December 16th, 2017 - OOTP Baseball 18.8 Build 76